 Dungeon Crawl Stone Soup version 0.30.0-19-g36f170ea60 (webtiles) character file.

Game seed: 2341373455257626350

274509 Gabide the Shatterer (level 18, -1/173 HPs)
             Began as a Demigod Fighter on May 29, 2023.
             Killed from afar by a starcursed mass (12 damage)
             ... with an accursed screaming
             ... on level 5 of the Abyss on May 30, 2023.
             The game lasted 02:18:45 (61809 turns).

Gabide the Shatterer (Demigod Fighter)             Turns: 61809, Time: 02:18:46

Health: -1/173     AC: 21    Str: 41    XL:     18   Next: 81%
Magic:  21/21      EV: 22    Int:  5    God:
Gold:   584        SH:  5    Dex: 20    Spells: 17/17 levels left

rFire   + + .        a - +3 great mace (heavy)
rCold   + . .        (shield currently unavailable)
rNeg    . . .        y - +5 ring mail of the Imp {Will+}
rPois   +            r - +2 helmet
rElec   +            R - +2 cloak
rCorr   +            F - +1 pair of gloves
SInv    .            w - +1 pair of boots of Parlour Games {Drain Dex+7}
Will    +++..        X - amulet of reflection
Stlth   +            p - ring of protection from fire
HPRegen 0.48/turn    j - ring "Piroakhu" {rElec rPois Will+ Int-5}
MPRegen 0.17/turn

%: reflection
@: about to teleport, resistant, invisible
A: high MP 1, forlorn, divine attributes
}: 2/15 runes: decaying, serpentine
a: no special abilities


You were on level 5 of the Abyss.
You visited 6 branches of the dungeon, and saw 33 of its levels.
You visited the Abyss 1 time.
You visited 1 bazaar.
You also visited: Gauntlet.

You collected 4114 gold pieces.
You spent 3530 gold pieces at shops.

Inventory:

Hand Weapons
 a - a +3 heavy great mace (weapon)
 b - the +8 flail "Koxtuppi" {flame, Will+ MP+9}
   (You found it on level 4 of the Lair of Beasts)

   MP:        It affects your magic capacity (+9).
   Will:      It increases your willpower.
 n - a +5 dire flail of flaming
Missiles
 i - 2 boomerangs of dispersal
 B - 2 silver javelins
 K - 3 javelins
Armour
 r - a +2 helmet (worn)
 w - the +1 pair of boots of Parlour Games (worn) {Drain Dex+7}
   (You found it on level 3 of the Snake Pit)

   Dex:       It affects your dexterity (+7).
   Drain:     It drains your maximum health when unequipped.
 y - the +5 ring mail of the Imp (worn) {Will+}
   (You found it on level 7 of the Dungeon)

   Will:      It increases your willpower.
 D - the +0 buckler of Winter {rC+ Dex+3}
   (You found it on level 8 of the Dungeon)

   Dex:       It affects your dexterity (+3).
   rC:        It protects you from cold.
 F - a +1 pair of gloves (worn)
 G - the +6 plate armour "Nupi" {rC- rN+++ Str-3 Int+2}
   (You found it on level 1 of the Lair of Beasts)

   Str:       It affects your strength (-3).
   Int:       It affects your intelligence (+2).
   rC:        It makes you vulnerable to cold.
   rN:        It renders you almost immune to negative energy.
 R - a +2 cloak (worn)
Jewellery
 j - the ring "Piroakhu" (right hand) {rElec rPois Will+ Int-5}
   (You found it in a Gauntlet)

   [ring of willpower]

   Int:       It affects your intelligence (-5).
   rElec:     It insulates you from electricity.
   rPois:     It protects you from poison.
   Will:      It increases your willpower.
 o - a ring of positive energy
 p - a ring of protection from fire (left hand)
 C - a ring of flight
 L - a ring of protection from cold
 O - a +4 ring of slaying
 U - a ring of fire
 V - a ring of poison resistance
 X - an amulet of reflection (around neck)
 Y - a +6 ring of strength
Wands
 d - a wand of digging (11)
 h - a wand of roots (15)
 m - a wand of mindburst (16)
 x - a wand of light (1)
Scrolls
 c - 21 scrolls of identify
 e - 6 scrolls of teleportation
 k - 5 scrolls of magic mapping
 t - 8 scrolls of vulnerability
 z - 4 scrolls of fog
 A - 4 scrolls of poison
 E - 3 scrolls of silence
 H - 5 scrolls of immolation
 T - 3 scrolls of blinking
 Z - a scroll of fear (quivered)
Potions
 f - 2 potions of attraction
 g - 2 potions of cancellation
 l - a potion of magic
 q - a potion of resistance
 v - 5 potions of mutation
 M - a potion of curing
 N - a potion of invisibility
 Q - 8 potions of lignification
Miscellaneous
 s - a phantom mirror
 I - a phial of floods (inert)


   Skills:
 + Level 18.6 Fighting
 - Level 24.0 Maces & Flails
 - Level 4.0 Armour
 - Level 15.0 Dodging
 - Level 4.0 Shields


You had 17 spell levels left.
You didn't know any spells.
Your spell library contained the following spells:

 Spells                   Type           Power      Damage    Failure   Level
 Lesser Beckoning         Tloc           0%         N/A       71%         2
 Gell's Gravitas          Tloc           0%         N/A       90%         3
 Teleport Other           Tloc           0%         N/A       90%         3


Dungeon Overview and Level Annotations

Branches:
Dungeon (15/15)            Temple (0/1) D:6            Lair (5/5) D:10
  Swamp (4/4) Lair:2        Snake (4/4) Lair:3        Slime (0/5) Lair:4
    Orc (2/2) D:11            Elf (0/3) Orc:2        Vaults (3/5) D:14
  Crypt (0/3) Vaults:3     Depths (0/4) D:15        Gauntlet (visited)

Shops:
D:9 :   D:11 ?   Orc:2 (:*(   Vaults:2 ?   Vaults:3 **=:

Annotations:
D:9 4 transporters
Lair:1 exclusion: oklob plant
Vaults:3 Margery


Innate Abilities, Weirdness & Mutations

You have an increased reservoir of magic. (+10% MP)
You shall have no god before yourself.
Your divine heritage dramatically boosts your attributes as you level up.


Message History

You assume a fearsome visage.
The starcursed mass is unaffected. x2; The neqoxec looks frightened!
The smoke demon looks frightened!
The small abomination is unaffected.
The starcursed mass is unaffected. x2
The small abomination hits you but does no damage.
The starcursed mass touches you.
* * * LOW HITPOINT WARNING * * *
A chorus of shrieks assaults your mind.
* * * LOW HITPOINT WARNING * * *
Unknown command.
As you read the scroll of teleportation, it crumbles to dust.
You feel strangely unstable.
You feel the power of the Abyss delaying your translocation!
The starcursed mass touches you but does no damage.
A deafening chorus of shrieks assaults your mind!
* * * LOW HITPOINT WARNING * * *
The small abomination hits you but does no damage.
You feel better. The starcursed mass barely misses you.
The starcursed mass completely misses you.
Unknown command.
You pound the starcursed mass like an anvil!!!
You destroy the starcursed mass!
The starcursed mass touches you!
* * * LOW HITPOINT WARNING * * *
The starcursed mass misses you.
Unknown command.
The starcursed mass attacks as you move away!
The starcursed mass closely misses you.
The starcursed mass attacks as you move away!
You block the starcursed mass's attack.
You hammer the smoke demon like a gong!!!
You kill the smoke demon!
The small abomination closely misses you.
The starcursed mass touches you but does no damage.
You block the starcursed mass's attack. A chorus of shrieks assaults your mind.
* * * LOW HITPOINT WARNING * * *
You feel better. A chorus of shrieks assaults your mind.
You die...

. # #† ## ..#
#.# # # #.# #
.#..X . #
.#.#.#. .#.## #
#...#.......#.
#.#....####.#.#
#. #.##..#X§.##
## ..#
§.§x#§.## #.
##.#XX#..# ##
.. #.X@### #.#
##### #. .


You could see 4 starcursed masses and a small abomination (unable to see you).

Vanquished Creatures
  Vashnia (Snake:4)
  Nikola (Snake:4)
  Jorgrun (D:13)
  4 sphinxes
  The ghost of nacho123456 the Severer, an adept HOFi of Gozag (Vaults:1)
  The ghost of Cyerinn the Wrestler, an adept TrBe of Trog (Snake:4)
  Kirke (Snake:3)
  Donald (Swamp:3)
  Roxanne (Snake:1)
  6 nagarajas
  2 azure jellies (Swamp:4)
  2 fire giants
  The ghost of speedhar the Fighter, a journeyman MiFi of the Shining One (Swamp:4)
  A frost giant (Vaults:2)
  Aizul (Snake:3)
  9 vault wardens
  Louise (Swamp:1)
  A ghoul (Swamp:4)
  10 ironbound preservers
  5 ironbound thunderhulks
  4 dire elephants
  2 deep elf annihilators (Vaults:1)
  A bunyip (Swamp:1)
  Snorg (D:11)
  An eleionoma (Swamp:3)
  A blizzard demon (Abyss:5)
  5 yaktaur captains
  3 great orbs of eyes
  A shambling mangrove (Swamp:2)
  5 vault guards
  An ogre mage (Vaults:2)
  Erolcha (Orc:2)
  3 catoblepae
  2 ice dragons (Swamp:4)
  7 hydras
  10 centaur warriors
  2 salamander tyrants (Snake:4)
  A merfolk avatar (Lair:5)
  2 two-headed ogres
  17 anacondas
  3 ironbound frosthearts
  3 boulder beetles
  A dancing weapon (Swamp:4)
  13 naga warriors
  4 death yaks (Gauntlet)
  10 alligators
  4 hell hogs (Abyss:5)
  4 thrashing horrors (Abyss:5)
  8 shock serpents
  An orc high priest (Orc:2)
  3 tengu warriors
  14 naga sharpshooters
  6 spriggans
  3 skysharks (Lair:5)
  A soul eater (D:15)
  2 sixfirhies
  An iron troll (D:14)
  3 goliath frogs
  21 deep trolls
  4 sea snakes (Snake:3)
  3 salamander mystics
  2 bunyip zombies (Swamp:3)
  5 spriggan druids
  6 slime creatures (Vaults:2)
  12 ironbound convokers
  10 naga ritualists
  6 swamp dragons
  4 deep elf pyromancers
  6 bog bodies
  An orc knight (D:15)
  17 lindwurms
  3 necromancers
  4 wizards
  5 harpies
  15 mana vipers
  12 cyclopes
  39 ugly things
  Maurice (D:12)
  6 orc sorcerers
  6 manticores
  A shining eye (Gauntlet)
  An elephant (Lair:5)
  A will-o-the-wisp (Swamp:3)
  5 salamanders
  13 naga magi
  2 rust devils (D:15)
  2 smoke demons (Abyss:5)
  8 guardian serpents
  5 orange demons
  2 apocalypse crabs (Abyss:5)
  5 vault sentinels
  An eye of devastation (Abyss:5)
  A torpor snail (Gauntlet)
  8 cane toads
  47 black mambas
  A gargoyle (D:12)
  9 yaktaurs
  2 unseen horrors
  5 freezing wraiths
  2 efreet (D:15)
  5 rime drakes
  6 komodo dragons
  A bunyip simulacrum (Swamp:3)
  A tengu conjurer (D:15)
  An ancient zyme (Abyss:5)
  3 red devils (D:10)
  2 polar bears
  A queen bee (Gauntlet)
  8 hornets
  5 tyrant leeches
  11 blink frogs
  A hellwing (Abyss:5)
  7 trolls
  2 bloated husks
  3 alligator zombies (Swamp:3)
  2 snapping turtles (Lair:5)
  A centaur simulacrum (D:14)
  A shadow (D:10)
  A hog (Snake:3)
  4 wyverns
  2 ynoxinuls
  6 basilisks
  A golden eye (Gauntlet)
  A neqoxec (Abyss:5)
  46 yaks
  2 steam dragons
  A chaos spawn (Abyss:5)
  9 vampire mosquitoes
  2 swamp worm simulacra (Swamp:4)
  46 nagas
  4 large abominations (Abyss:5)
  3 acid dragons
  12 swamp worms
  17 water moccasins
  15 hydra simulacra
  A floating eye (Gauntlet)
  A black bear (shapeshifter) (D:15)
  A swamp drake (Swamp:3)
  22 orc warriors
  A sky beast (D:7)
  4 black bears
  An ice beast (D:5)
  19 ogres
  12 wolves
  5 starcursed masses (Abyss:5)
  4 boggarts (D:14)
  13 centaurs
  A kobold brigand (D:8)
  10 bullfrogs
  3 gnoll sergeants (D:11)
  4 scorpions
  4 wights (D:10)
  18 killer bees
  8 electric eels
  A howler monkey (D:10)
  3 lava snakes
  4 jellies (Lair:1)
  30 orc priests
  2 gnoll boudas
  4 hounds
  3 sleepcaps
  4 iguanas
  32 orc wizards
  12 gnolls
  9 adders
  A shadow imp (Gauntlet)
  4 white imps
  6 swamp drake simulacra (Swamp:4)
  3 ufetubi
  2 worms (D:2)
  3 dart slugs
  67 orcs
  26 endoplasms
  2 giant cockroaches
  8 goblins
  12 hobgoblins
  9 jackals
  4 quokkas
  11 ball pythons
  7 bats
  4 frilled lizards
  12 kobolds
  12 rats
1176 creatures vanquished.

Vanquished Creatures (others)
  A hydra (Swamp:4)
  An ironbound convoker (Vaults:2)
  A wizard (Gauntlet)
  A guardian serpent (Abyss:5)
  A bloated husk (Swamp:3)
  A naga (Snake:4)
  2 swamp worms (Swamp:4)
  A starcursed mass (Abyss:5)
  2 orc wizards (Orc:2)
  12 foxfires (Swamp:3)
23 creatures vanquished.

Grand Total: 1199 creatures vanquished

Notes
Turn   | Place    | Note
-------+----------+-------------------------------------------
     0 | D:1      | Gabide the Demigod Fighter began the quest for the Orb.
     0 | D:1      | Reached XP level 1. HP: 18/18 MP: 3/3
   130 | D:1      | Reached skill level 2 in Maces & Flails
   297 | D:1      | Reached XP level 2. HP: 25/25 MP: 4/4
   431 | D:1      | Reached skill level 3 in Maces & Flails
   637 | D:1      | Reached XP level 3. HP: 30/30 MP: 5/5
   765 | D:1      | You fall into a shaft and drop 1 floor!
  1149 | D:2      | Reached skill level 4 in Maces & Flails
  1174 | D:2      | Reached XP level 4. HP: 27/37 MP: 6/6
  2726 | D:4      | Noticed a black bear
  2730 | D:4      | Noticed a black bear
  2740 | D:3      | Killed a black bear
  2741 | D:3      | Reached XP level 5. HP: 31/42 MP: 7/7
  2791 | D:3      | Identified a scroll of acquirement
  2791 | D:3      | Acquired 677 gold pieces
  2923 | D:3      | Killed a black bear
  2924 | D:3      | Reached skill level 5 in Maces & Flails
  2924 | D:3      | Reached XP level 6. HP: 29/50 MP: 8/8
  3506 | D:4      | Reached skill level 6 in Maces & Flails
  3642 | D:5      | Entered Level 5 of the Dungeon
  3896 | D:5      | Reached XP level 7. HP: 29/56 MP: 9/9
  3996 | D:5      | Reached skill level 7 in Maces & Flails
  4938 | D:5      | Reached skill level 8 in Maces & Flails
  5463 | D:6      | Reached XP level 8. HP: 49/62 MP: 10/10
  5516 | D:6      | Found a staircase to the Ecumenical Temple.
  5543 | D:6      | Reached skill level 9 in Maces & Flails
  6290 | D:7      | Identified the +5 ring mail of the Imp {Will+}
  6353 | D:7      | Reached skill level 10 in Maces & Flails
  7273 | D:7      | Reached XP level 9. HP: 33/69 MP: 11/11
  7612 | D:8      | Reached skill level 11 in Maces & Flails
  8148 | D:8      | Reached skill level 12 in Maces & Flails
  8486 | D:8      | Identified the +0 robe "Coxzith" {Int+4}
  8498 | D:8      | Identified the +0 buckler of Winter {rC+ Dex+3}
  8817 | D:8      | Identified the +3 leather armour of Fortitude {Will+ Int+4}
  8972 | D:9      | Found Ymowk's Book Shop.
  9229 | D:9      | Found a transporter.
  9235 | D:9      | Found a transporter.
  9306 | D:9      | Found a transporter.
  9307 | D:9      | Found a transporter.
  9466 | D:9      | Found a transporter.
  9468 | D:9      | Found a transporter.
  9808 | D:10     | Entered Level 10 of the Dungeon
  9808 | D:10     | Noticed a two-headed ogre
  9820 | D:10     | Killed a two-headed ogre
  9821 | D:10     | Reached XP level 10. HP: 39/78 MP: 13/13
 10006 | D:10     | Reached skill level 13 in Maces & Flails
 10210 | D:10     | Reached skill level 14 in Maces & Flails
 10456 | D:10     | Reached skill level 1 in Dodging
 11316 | D:10     | Found a staircase to the Lair.
 11863 | Lair:1   | Entered Level 1 of the Lair of Beasts
 12126 | Lair:1   | Reached skill level 5 in Fighting
 12669 | Lair:1   | Noticed a black mamba
 12676 | Lair:1   | Killed a black mamba
 12778 | Lair:1   | Reached XP level 11. HP: 86/88 MP: 14/14
 13719 | Lair:1   | Identified the +6 plate armour "Nupi" {rC- rN+++ Str-3
                  | Int+2}
 14472 | Lair:2   | Noticed a bog body
 14496 | Lair:2   | Killed a bog body
 14546 | Lair:2   | Noticed a boulder beetle
 14563 | Lair:2   | Killed a boulder beetle
 14564 | Lair:2   | Reached skill level 15 in Maces & Flails
 15503 | Lair:2   | Found a staircase to the Swamp.
 15587 | Lair:3   | Noticed a catoblepas
 15599 | Lair:3   | Killed a catoblepas
 15648 | Lair:3   | Found a gate leading to a gauntlet.
 15653 | Gauntlet | Entered a Gauntlet
 15653 | Gauntlet | Found a transporter.
 15665 | Gauntlet | Found a transporter.
 15665 | Gauntlet | Found a transporter.
 15666 | Gauntlet | Found a transporter.
 15674 | Gauntlet | Found a transporter.
 15677 | Gauntlet | Found a transporter.
 15678 | Gauntlet | Found a transporter.
 15679 | Gauntlet | Noticed a sixfirhy
 15687 | Gauntlet | Found a transporter.
 15690 | Gauntlet | Found a transporter.
 15691 | Gauntlet | Found a transporter.
 15694 | Gauntlet | Noticed a wizard
 15695 | Gauntlet | Noticed a minotaur
 15699 | Gauntlet | Found a transporter.
 15699 | Gauntlet | Noticed a wizard
 15702 | Gauntlet | Found a transporter.
 15703 | Gauntlet | Found a transporter.
 15707 | Gauntlet | Noticed a death yak
 15708 | Gauntlet | Noticed a death yak
 15709 | Gauntlet | Noticed a death yak
 15710 | Gauntlet | Noticed a death yak
 15712 | Gauntlet | Found a transporter.
 16035 | Gauntlet | Killed a sixfirhy
 16197 | Gauntlet | Killed a wizard
 16202 | Gauntlet | Killed a wizard
 16355 | Gauntlet | Killed a death yak
 16356 | Gauntlet | Reached XP level 12. HP: 44/103 MP: 15/15
 16362 | Gauntlet | Reached skill level 5 in Dodging
 16387 | Gauntlet | Identified the ring "Piroakhu" {rElec rPois Will+ Int-5}
 16994 | Lair:3   | Found a staircase to the Snake Pit.
 17025 | Lair:3   | Reached skill level 16 in Maces & Flails
 17587 | Lair:3   | Identified the +0 plate armour "Heib Yfaje" {rElec rPois
                  | Dex-2 Stlth+}
 17799 | Lair:4   | Noticed a five-headed hydra
 17806 | Lair:4   | Killed a five-headed hydra
 18301 | Lair:4   | Noticed an eight-headed hydra
 18311 | Lair:4   | Killed an eight-headed hydra
 18856 | Lair:4   | Identified the +8 flail "Koxtuppi" {flame, Will+ MP+9}
 18977 | Lair:4   | Found a staircase to the Slime Pits.
 19224 | Lair:5   | Entered Level 5 of the Lair of Beasts
 19234 | Lair:5   | Reached skill level 10 in Fighting
 20254 | Lair:5   | Noticed a six-headed hydra
 20265 | Lair:5   | Killed a six-headed hydra
 20266 | Lair:5   | Reached XP level 13. HP: 111/114 MP: 16/16
 21448 | Lair:5   | Identified the +9 trident "Laros" {flame, Fly rN+ Int+3}
 21784 | Lair:1   | Reached skill level 17 in Maces & Flails
 22035 | D:11     | Found Daic's Magic Scroll Boutique.
 22108 | D:9      | Bought a manual of Fighting for 1120 gold pieces
 22690 | D:11     | Found a staircase to the Orcish Mines.
 24234 | D:13     | Noticed Jorgrun
 24531 | D:12     | Reached skill level 18 in Maces & Flails
 24701 | D:13     | Noticed Maurice
 25130 | D:12     | Killed Maurice
 25143 | D:13     | Killed Jorgrun
 25461 | D:13     | Reached XP level 14. HP: 105/124 MP: 17/17
 25661 | D:13     | Identified the +10 long sword of Sishrab {venom, rN+ Int+3
                  | Dex-4 Stlth+}
 26403 | D:13     | Reached skill level 19 in Maces & Flails
 26932 | D:14     | Found a gate to the Vaults.
 27498 | D:15     | Entered Level 15 of the Dungeon
 28014 | D:15     | Reached skill level 20 in Maces & Flails
 29026 | D:15     | Found a staircase to the Depths.
 29027 | D:15     | Noticed a fire giant
 29529 | Orc:1    | Entered Level 1 of the Orcish Mines
 29529 | Orc:1    | Noticed Snorg
 29547 | D:11     | Killed Snorg
 30626 | Orc:2    | Entered Level 2 of the Orcish Mines
 30939 | Orc:2    | Found a staircase to the Elven Halls.
 32246 | Orc:2    | Found Kaum's Weapon Boutique.
 32246 | Orc:2    | Found Otylatez's Book Boutique.
 32247 | Orc:2    | Found Mefi's Antique Weapon Shop.
 32251 | Orc:2    | Found Eherch's General Store.
 32510 | Orc:2    | Noticed Erolcha
 32515 | Orc:2    | Killed Erolcha
 32694 | Orc:2    | Bought a potion of might for 56 gold pieces
 32694 | Orc:2    | Bought a +6 ring of strength for 504 gold pieces
 32792 | D:11     | Bought a scroll of enchant armour for 90 gold pieces
 32792 | D:11     | Bought a scroll of blinking for 90 gold pieces
 32792 | D:11     | Bought a scroll of fog for 48 gold pieces
 32792 | D:11     | Bought a scroll of teleportation for 36 gold pieces
 32983 | Swamp:1  | Entered Level 1 of the Swamp
 33140 | Swamp:1  | Reached XP level 15. HP: 113/136 MP: 18/18
 33147 | Swamp:1  | Noticed Louise
 33164 | Swamp:1  | Killed Louise
 34275 | Swamp:2  | Reached skill level 15 in Fighting
 35623 | Swamp:3  | Noticed Donald
 35745 | Swamp:3  | Killed Donald
 36923 | Swamp:4  | Entered Level 4 of the Swamp
 36938 | Swamp:4  | Found a runed translucent door.
 36938 | Swamp:4  | Noticed speedhar's ghost (journeyman MiFi)
 38150 | Swamp:4  | Noticed an azure jelly
 38163 | Swamp:4  | Killed an azure jelly
 38964 | Swamp:4  | Killed speedhar's ghost
 39273 | Swamp:4  | Noticed an azure jelly
 39283 | Swamp:4  | Killed an azure jelly
 39816 | Swamp:4  | Got a decaying rune of Zot
 40188 | Orc:2    | Bought a scroll of brand weapon for 133 gold pieces
 40350 | Snake:1  | Entered Level 1 of the Snake Pit
 41007 | Snake:1  | HP: 6/145 [naga sharpshooter/arrow (20)]
 41414 | Snake:1  | Reached skill level 21 in Maces & Flails
 41414 | Snake:1  | Reached XP level 16. HP: 113/152 MP: 19/19
 42711 | Snake:1  | Noticed Roxanne
 42958 | Snake:1  | Killed Roxanne
 44007 | Snake:2  | Reached skill level 10 in Dodging
 47140 | Snake:3  | Identified the +1 pair of boots of Parlour Games {Drain
                  | Dex+7}
 48040 | Snake:3  | Noticed Kirke
 48047 | Snake:3  | Killed Kirke
 48329 | Snake:4  | Entered Level 4 of the Snake Pit
 48338 | Snake:4  | Noticed Aizul
 48347 | Snake:3  | Killed Aizul
 48539 | Snake:4  | Noticed Nikola
 48674 | Snake:4  | Killed Nikola
 49043 | Snake:4  | Reached skill level 22 in Maces & Flails
 49053 | Snake:4  | Reached XP level 17. HP: 56/163 MP: 0/20
 50612 | Snake:4  | Found a large runed translucent door.
 50612 | Snake:4  | Found a large runed translucent door.
 50614 | Snake:4  | Noticed Cyerinn's ghost (adept TrBe)
 51840 | Snake:4  | Noticed Vashnia
 51856 | Snake:4  | Killed Vashnia
 52195 | Snake:4  | Killed Cyerinn's ghost
 53109 | Snake:4  | Got a serpentine rune of Zot
 54324 | Vaults:1 | Entered Level 1 of the Vaults
 54533 | Vaults:1 | Reached skill level 23 in Maces & Flails
 55066 | Vaults:1 | Identified the +1 robe of Yfoahant {rN+ Will+ MP+9 Dex-4}
 55497 | Vaults:1 | Found a large runed translucent door.
 55497 | Vaults:1 | Found a large runed translucent door.
 55501 | Vaults:1 | Noticed nacho123456's ghost (adept HOFi)
 56755 | Vaults:1 | Killed nacho123456's ghost
 56845 | Vaults:2 | Found Jonur's Magic Scroll Shop.
 56896 | Vaults:2 | Bought a scroll of enchant armour for 105 gold pieces
 56896 | Vaults:2 | Bought a scroll of fear for 56 gold pieces
 56896 | Vaults:2 | Bought a scroll of enchant armour for 105 gold pieces
 56896 | Vaults:2 | Bought a scroll of silence for 133 gold pieces
 56896 | Vaults:2 | Bought a scroll of teleportation for 42 gold pieces
 57106 | Vaults:2 | Reached XP level 18. HP: 72/172 MP: 21/21
 58003 | Vaults:2 | Reached skill level 24 in Maces & Flails
 60666 | Vaults:3 | Found Fatyc's Assorted Antiques.
 60689 | Vaults:3 | Reached skill level 15 in Dodging
 60693 | Vaults:3 | Bought a scroll of teleportation for 96 gold pieces
 60719 | Vaults:3 | Noticed Margery
 60746 | Vaults:3 | Found Orreh's Assorted Antiques.
 60759 | Vaults:3 | Bought a wand of roots (3) for 259 gold pieces
 60759 | Vaults:3 | Bought a scroll of fog for 144 gold pieces
 60883 | Vaults:3 | Found Fepsy's Book Boutique.
 60884 | Vaults:3 | Found Noguirysm's Jewellery Boutique.
 60892 | Vaults:3 | Found a flickering gateway to a bazaar.
 60895 | Bazaar   | Entered a bazaar
 60895 | Bazaar   | Found Uneub's Book Shoppe.
 60895 | Bazaar   | Found Bewkuulil's Antique Armour Shoppe.
 60896 | Bazaar   | Found Tysideb's Magic Scroll Emporium.
 60896 | Bazaar   | Found Atocwes's Magic Scroll Emporium.
 61127 | Bazaar   | Bought a pair of runed gloves for 165 gold pieces
 61144 | Bazaar   | Bought a scroll of fear for 56 gold pieces
 61144 | Bazaar   | Bought a scroll of blinking for 105 gold pieces
 61144 | Bazaar   | Bought a scroll of brand weapon for 133 gold pieces
 61149 | Bazaar   | Bought a scroll of teleportation for 54 gold pieces
 61579 | Abyss:5  | Cast into level 5 of the Abyss (Margery)
 61805 | Abyss:5  | HP: 8/173 [starcursed mass (11)]
 61808 | Abyss:5  | HP: 1/173 [starcursed mass/accursed screaming (9)]
 61809 | Abyss:5  | Killed from afar by a starcursed mass

Illustrated notes

Levels and vault maps discovered:
D:1:      dpeg_arrival_castle, layout_basic
D:2:      layout_loops_ring, due_unseen_surprise
D:3:      layout_loops_corners, gammafunk_temple_overflow_statue,
          mainiacjoe_overflow_concentric_impassable,
          hellmonk_ecumenical_altar_pennies_from_heaven, minmay_misc_feat_iff
D:4:      layout_rooms
D:5:      layout_basic, vehumet_altar_wand_db
D:6:      layout_basic, kennysheep_mini, minmay_temple_entry_glassed_door,
          hangedman_decor_lopped
D:7:      layout_cave_pods, kennysheep_mini_moat
D:8:      layout_cave_pods, corner_web_ring, solitary_fountain
D:9:      layout_small_grid, fedhas_altar_3, nicolae_stop_n_shop_1,
          chequers_serial_rivers_micro_a, serial_nicolae_subway,
          nicolae_sub_station_metal, nicolae_sub_station_stone,
          nicolae_sub_station_crystal
D:10:     layout_loops_corners, chequers_temple_overflow_statue_of_worship,
          david_lair_shrubbed, minmay_beelzebubs_servants
D:11:     layout_roguey, kennysheep_orc_monster_closet_entryway, serial_shops,
          nicolae_shop_rolled_up, minmay_misc_feat_tiny,
          nicolae_qazlal_eye_of_the_storm
D:12:     layout_gridville
D:13:     layout_cave_pools, minmay_fractal_squares_gapless_5, uniq_jorgrun,
          uniq_maurice
D:14:     layout_stronghold, david_vaults_4, hangedman_abyss_or_decor_stabs
D:15:     grunt_enter_depths_giant_problem, layout_irregular_city,
          nicolae_uskayaw_suspiria, serial_demonic, serial_demonic_e,
          serial_demonic_g, serial_demonic_e, serial_demonic_d
Lair:1:   lemuel_slime, layout_gridlike, serial_bayou_lagoon_b,
          serial_bayou_shore_b, grunt_megastairs_3
Lair:2:   layout_roguey, nicolae_swamp_entry_splash_gauntlet,
          serial_bayou_pond_a, nicolae_lair_liquid_snakes
Lair:3:   layout_loops_ring, minmay_snake_entry_six_corridors,
          gauntlet_entry_generic, st_stairs_11
Lair:4:   layout_loops_ring, slime_entry_1, lemuel_fruit_fields,
          lemuel_fruit_tree, infiniplex_staircase_pool
Lair:5:   gammafunk_lair_ancient_temple, layout_regular_city
Swamp:1:  layout_basic_swamp, evilmike_swamp_ruin_house_1, uniq_louise
Swamp:2:  layout_basic_swamp, evilmike_swamp_ruin_house_3
Swamp:3:  layout_basic_swamp, evilmike_swamp_ruin_house_4,
          nicolae_swamp_necromancer_hut, uniq_donald
Swamp:4:  swamp_icy, layout_basic_swamp, ebering_ghost_xom
Snake:1:  layout_basic, uniq_roxanne
Snake:2:  layout_misc_corridors
Snake:3:  layout_grid_shapes, basic_altar, nicolae_snake_snake_lake, uniq_kirke
Snake:4:  grunt_snake_rune_serpentine_throne, layout_layer_cave,
          ebering_ghost_disaster_area, uniq_aizul, uniq_nikola
Orc:1:    layout_caves, basic_altar, minmay_orc_temple_a, uniq_snorg
Orc:2:    st_orc_mages, layout_caves, uniq_erolcha
Vaults:1: ebering_ghost_disaster_area, v_rooms_5, st_quartered_hall,
          v_pattern_1, nicolae_vaults_closet_pinwheel_1,
          nicolae_vaults_tetromino_L_1, layout_vaults_chaotic_city
Vaults:2: st_octagons_2, nicolae_vaults_cornered_office,
          nicolae_vaults_alarming, nicolae_vaults_shelves_hall,
          vaults_room_door_ring, nicolae_vaults_tetromino_L_1,
          hangedman_vaults_corner, hangedman_vaults_snaps,
          nicolae_vaults_border_crossing, nicolae_vaults_wine_cellar,
          layout_vaults_omnicross, serial_shops, shop
Vaults:3: portal_desolation_entry_ruin, v_misc_14,
          nicolae_vaults_bisected_slash, nicolae_vaults_prndl,
          hangedman_vaults_trim, nicolae_vaults_little_ls,
          minmay_crypt_entry_simple_box, v_misc_9, hangedman_vaults_nails,
          layout_vaults_omnigrid, serial_shops, bzr_entry_islet,
          nicolae_book_shop_shelving, shop, shop, shop, uniq_margery
Abyss:5:  base: Orc:2, evilmike_abyss_exit_mutagenic,
          hangedman_abyss_or_decor_slice, hangedman_illusive_loot,
          hangedman_steaming_rock, evilmike_abyss_rune_siren_acolytes

Skill      XL: |  1  2  3  4  5  6  7  8  9 10 11 12 13 14 15 16 17 18 |
---------------+-------------------------------------------------------+-----
Maces & Flails | 2 3 4 5 6 8 10 12 14 15 16 18 20 21 22 23 24 | 24.0
Shields        | 3 4 |  4.0
Fighting       | 3 4 5 8 10 11 13 16 18 | 18.6
Armour         | 3 4 |  4.0
Dodging        | 2 4 6 8 9 10 12 15 | 15.0

Action                     |  1- 3 |  4- 6 |  7- 9 | 10-12 | 13-15 | 16-18 || total
---------------------------+-------+-------+-------+-------+-------+-------++-------
  Melee: Flail             |   120 |   293 |    51 |   101 |   594 |       ||  1159
         Mace              |       |       |   453 |   162 |       |       ||   615
         Morningstar       |       |       |       |   621 |       |       ||   621
         Great mace        |       |       |       |       |   644 |   974 ||  1618
  Throw: Throwing net      |       |     4 |     2 |     2 |       |       ||     8
         Boomerang         |       |     3 |       |     2 |       |       ||     5
         Dart              |       |       |     1 |     8 |       |       ||     9
         Javelin           |       |       |       |     4 |    35 |    14 ||    53
  Evoke: Wand              |       |       |     5 |    41 |    47 |     2 ||    95
         Phial of floods   |       |       |       |     1 |     1 |     3 ||     5
         Phantom mirror    |       |       |       |       |     1 |       ||     1
    Use: Scroll            |       |    13 |    10 |    15 |    24 |    29 ||    91
         Potion            |       |     3 |     1 |    17 |    18 |    25 ||    64
   Stab: Held in net/web   |       |     1 |     1 |     2 |       |       ||     4
         Invisible         |       |       |     2 |    14 |     7 |     2 ||    25
         Petrified         |       |       |       |       |    11 |       ||    11
         Distracted        |       |       |       |       |       |     1 ||     1
 Armour: Scale mail        |    17 |       |       |       |       |       ||    17
         Plate armour      |    40 |   239 |   161 |       |       |       ||   440
         Ring mail         |     7 |       |   153 |   273 |   796 |   444 ||  1673
         Skin              |       |       |       |       |     2 |       ||     2
  Dodge: Dodged            |    46 |    92 |   217 |   412 |  1016 |  1060 ||  2843
  Block: Buckler           |    25 |    69 |   118 |   164 |   155 |       ||   531
         Other             |       |       |       |       |   130 |   285 ||   415
         Reflection        |       |       |       |       |     5 |    34 ||    39
